 Dungeon Crawl Stone Soup version 0.30-a0-691-g754fce4c43 (webtiles) character file.

Game seed: 15343392406584075241

22054 Citaku the Tortoise (level 12, 0/112 HPs)
             Began as a Minotaur Fighter on Jan 19, 2023.
             Was an Initiate of Gozag.
             Slain by a gargoyle
             ... wielding a +0 mace
              (18 damage)
             ... on level 12 of the Dungeon.
             The game lasted 00:23:27 (11449 turns).

Citaku the Tortoise (Minotaur Fighter)             Turns: 11449, Time: 00:23:27

Health: 0/112      AC: 23    Str: 25    XL:     12   Next: 59%
Magic:  20/20      EV:  7    Int:  5    God:    Gozag
Gold:   2555       SH: 11    Dex: 11    Spells: 11/11 levels left

rFire   . . .      SeeInvis .    H - +12 hand axe of Hell's Wrath {heavy, rC+ rN+ MP+9}
rCold   + . .      Faith    .    g - +0 kite shield
rNeg    + + .      Spirit   .    i - +0 plate armour
rPois   .          Reflect  .    (helmet restricted)
rElec   .          Harm     .    (no cloak)
rCorr   .          Rampage  .    I - +1 pair of gloves
Will    .....                    l - +2 pair of boots Stlth
                                 r - amulet of regeneration
HPRegen 1.18/turn                A - ring of positive energy
MPRegen 0.17/turn                (no ring)

@: gold aura, studying Fighting
A: horns 2, retaliatory headbutt
a: Renounce Religion, Potion Petition, Call Merchant, Bribe Branch


You were on level 12 of the Dungeon.
You worshipped Gozag.
Gozag was most pleased with you.
You visited 2 branches of the dungeon, and saw 13 of its levels.
You also visited: Ossuary and Bailey.

You collected 2851 gold pieces.
You spent 184 gold pieces at shops.
You paid 112 gold pieces to Gozag.

Inventory:

Hand Weapons
 H - the +12 hand axe of Hell's Wrath (weapon) {heavy, rC+ rN+ MP+9}
   (You found it on level 11 of the Dungeon)

   rC:        It protects you from cold.
   rN:        It protects you from negative energy.
   MP:        It affects your magic capacity (+9).
Missiles
 v - 29 javelins (quivered)
Armour
 g - a +0 kite shield (worn)
 i - a +0 plate armour (worn)
 l - a +2 pair of boots (worn)
 I - a +1 pair of gloves (worn)
Jewellery
 r - an amulet of regeneration (around neck)
 A - a ring of positive energy (left hand)
Wands
 a - a wand of charming (15)
 d - a wand of flame (34)
 n - a wand of iceblast (8)
 y - a wand of polymorph (6)
 B - a wand of mindburst (8)
Scrolls
 e - a scroll of identify
 f - a scroll of silence
 h - 2 scrolls of fear
 j - 2 scrolls of amnesia
 k - 3 scrolls of immolation
 m - 2 scrolls of brand weapon {unknown}
 o - 2 scrolls of acquirement {unknown}
 p - 4 scrolls of enchant armour
 u - 2 scrolls of poison {unknown}
 z - a scroll of fog
 D - a scroll of teleportation
 E - 2 scrolls of vulnerability
 J - a scroll of blinking {unknown}
Potions
 b - a potion of haste
 c - 3 potions of magic
 s - a potion of ambrosia
 t - 4 potions of lignification
 w - 3 potions of attraction
 x - 3 potions of mutation
 C - 2 potions of resistance


   Skills:
 + Level 12.0 Fighting
 * Level 14.8 Axes
 * Level 15.0 Armour
 + Level 11.0 Shields


You had 11 spell levels left.
You didn't know any spells.
Your spell library contained the following spells:

 Spells                   Type           Power      Damage    Failure   Level
 Apportation              Tloc           0%         N/A       100%        1
 Kiss of Death            Conj/Necr      0%         2d5       100%        1
 Confusing Touch          Hex            0%         N/A       100%        3
 Ignite Poison            Fire/Tmut/Pois 0%         N/A       100%        3
 Inner Flame              Hex/Fire       0%         N/A       100%        3
 Ozocubu's Armour         Ice            0%         N/A       100%        3
 Dispel Undead            Necr           0%         3d6       100%        4
 Flame Wave               Conj/Fire      0%         2d4       100%        4
 Passage of Golubria      Tloc           0%         N/A       100%        4
 Sticky Flame             Conj/Fire      0%         2d3       100%        4
 Alistair's Intoxication  Tmut/Pois      0%         N/A       100%        5
 Metabolic Englaciation   Hex/Ice        0%         N/A       100%        5
 Silence                  Hex/Air        0%         N/A       100%        5
 Conjure Ball Lightning   Conj/Air       0%         3x3d6     100%        6
 Ozocubu's Refrigeration  Ice            0%         4d7       100%        7
 Discord                  Hex            0%         N/A       100%        8
 Disjunction              Tloc           0%         N/A       100%        8
 Ignition                 Fire           0%         3d3       100%        8
 Lehudib's Crystal Spear  Conj/Erth      0%         10d2      100%        8
 Simulacrum               Ice/Necr       Unusable   N/A       N/A         6

Dungeon Overview and Level Annotations

Branches:
Dungeon (12/15)            Temple (1/1) D:7            Lair (0/5) D:9
    Orc (0/2) D:11        Ossuary (visited)          Bailey (visited)

Altars:
Ashenzari
Cheibriados
Dithmenos
Elyvilon
Fedhas
Gozag
Hepliaklqana
Kikubaaqudgha
Makhleb
Nemelex Xobeh
Okawaru
Qazlal
Ru
Sif Muna
Trog
Uskayaw
Vehumet
Wu Jian
Xom
Yredelemnul
Zin
The Shining One

Shops:
D:9 [

Portals:
Trove: D:12 (give 6 scrolls of fear)


Innate Abilities, Weirdness & Mutations

You have a pair of horns on your head.
You reflexively headbutt those who attack you in melee.


Message History

You block the cyclops's attack.
You slash the cyclops!
The cyclops is severely wounded.
You hit the gargoyle but do no damage. You slash the wraith!
The wraith is no longer distracted by gold.
The gargoyle hits you but does no damage.
The wraith hits you.
* * * LOW HITPOINT WARNING * * *
You barely miss the cyclops.
The cyclops is severely wounded.
You hit the gargoyle but do no damage. You hit the wraith.
The gargoyle closely misses you.
The wraith is distracted by your dazzling golden aura.
You block the cyclops's attack.
You hit the cyclops but do no damage.
The cyclops is severely wounded.
You hit the gargoyle but do no damage. You closely miss the wraith.
The wraith is no longer distracted by gold.
The gargoyle hits you with a +0 mace.
* * * LOW HITPOINT WARNING * * *
You block the wraith's attack. The cyclops hits you!
* * * LOW HITPOINT WARNING * * *
You slice the cyclops!!
You kill the cyclops!
You hit the gargoyle but do no damage. You hit the wraith but do no damage.
You block the wraith's attack.
The gargoyle hurls a stone arrow at you.
The stone arrow hits you.
* * * LOW HITPOINT WARNING * * *
You feel better. The wraith hits you but does no damage.
The gargoyle hurls a stone arrow at you.
The stone arrow hits you.
* * * LOW HITPOINT WARNING * * *
The shadow strikes at you from the darkness!
* * * LOW HITPOINT WARNING * * *
Reactivating autopickup.
You feel better. The wraith barely misses you.
The gargoyle hits you with a +0 mace!!
You die...
Your body crumbles into a pile of gold.

. ....... #.
#.......# ##
#.......# .
+.?.....+###
#..........##
#...........#
##...........####
......9...........
#...YW@.....#.###
......W......#.#
...####......# # .
######## $ $


You could see a yak, a wraith, a gargoyle and a shadow.

Vanquished Creatures
  A two-headed ogre (D:11)
  5 skeletal warriors (D:11)
  A manticore (D:11)
  3 cyclopes
  2 gargoyles (D:11)
  An unseen horror (D:11)
  3 kobold demonologists
  5 trolls
  Grinder (D:4)
  A hornet (D:9)
  Sigmund (D:6)
  A wraith (D:12)
  A shadow (D:11)
  25 yaks
  A basilisk (D:11)
  2 wyverns
  A steam dragon (D:9)
  2 vampire mosquitoes (D:11)
  4 wargs
  Edmund (D:6)
  5 acid dragons
  A water moccasin (D:4)
  Duvessa (D:4)
  22 orc warriors
  3 ice beasts
  A black bear (D:7)
  3 sky beasts
  An ogre (D:7)
  22 centaurs
  2 phantoms
  6 bullfrogs
  Blork the orc (D:6)
  2 kobold brigands (D:10)
  A scorpion (D:5)
  8 wights (D:7)
  Dowan (D:4)
  10 killer bees
  6 howler monkeys
  3 centaur zombies (Ossuary)
  A human zombie (Ossuary)
  A jelly (D:6)
  3 hounds
  2 gnoll boudas
  18 orc priests
  18 orc wizards
  3 iguanas
  2 mummies (Ossuary)
  16 gnolls
  6 adders
  A shadow imp (D:7)
  3 white imps
  2 adder zombies (Ossuary)
  4 worms
  4 dart slugs (D:1)
  89 orcs
  7 endoplasms
  4 giant cockroaches
  6 goblins
  12 hobgoblins
  4 jackals (D:2)
  15 kobolds
  2 quokkas
  10 ball pythons
  6 bats
  6 frilled lizards
  3 goblin zombies
  3 hobgoblin zombies (Ossuary)
  A jackal zombie (Ossuary)
  13 kobold zombies (Ossuary)
  10 orc zombies (Ossuary)
  7 rats
  3 rat zombies
446 creatures vanquished.

Vanquished Creatures (others)
  An orc (D:9)
1 creature vanquished.

Grand Total: 447 creatures vanquished

Notes
Turn   | Place    | Note
-------+----------+-------------------------------------------
     0 | D:1      | Citaku the Minotaur Fighter began the quest for the Orb.
     0 | D:1      | Reached XP level 1. HP: 19/19 MP: 0/0
   178 | D:1      | Reached XP level 2. HP: 27/27 MP: 1/1
   181 | D:1      | Reached skill level 4 in Armour
   436 | D:1      | Found a faded altar of an unknown god.
   504 | D:1      | Reached XP level 3. HP: 30/33 MP: 2/2
  1224 | D:2      | Found a basalt altar of Yredelemnul.
  1357 | D:2      | Reached XP level 4. HP: 40/40 MP: 3/3
  1687 | D:3      | Found a burning altar of Makhleb.
  1688 | D:3      | Found a sacrificial altar of Ru.
  1768 | D:3      | Reached skill level 5 in Armour
  1855 | D:3      | Found a shadowy altar of Dithmenos.
  1963 | D:3      | Reached XP level 5. HP: 46/46 MP: 4/4
  2201 | D:4      | Noticed a phantom
  2207 | D:4      | Noticed Dowan
  2211 | D:4      | Killed a phantom
  2211 | D:4      | Noticed Duvessa
  2212 | D:4      | Reached skill level 5 in Axes
  2212 | D:4      | Reached XP level 6. HP: 45/53 MP: 5/5
  2217 | D:4      | Noticed Grinder
  2218 | D:4      | Killed Duvessa
  2219 | D:4      | Reached skill level 6 in Armour
  2221 | D:4      | Killed Dowan
  2232 | D:4      | Killed Grinder
  2233 | D:4      | Reached skill level 5 in Fighting
  2233 | D:4      | Reached skill level 5 in Shields
  2233 | D:4      | Reached XP level 7. HP: 44/61 MP: 6/6
  2354 | D:4      | Reached skill level 7 in Armour
  2782 | D:5      | Entered Level 5 of the Dungeon
  2886 | D:5      | Reached XP level 8. HP: 70/70 MP: 7/7
  3155 | D:5      | Reached skill level 8 in Armour
  3203 | D:5      | Found a basalt altar of Yredelemnul.
  4142 | D:6      | Noticed Blork the orc
  4143 | D:6      | Noticed Sigmund
  4144 | D:6      | Noticed Edmund
  4155 | D:6      | Killed Blork the orc
  4161 | D:6      | Killed Edmund
  4168 | D:6      | Killed Sigmund
  4169 | D:6      | Reached skill level 9 in Armour
  4169 | D:6      | Reached XP level 9. HP: 76/78 MP: 8/8
  4179 | D:6      | Identified the +0 robe "Ceyfoc" {Harm rF+ rCorr Dex-3}
  4420 | D:7      | Found an ornate altar of the Wu Jian Council.
  4609 | D:7      | Found a sand-covered staircase.
  4617 | Ossuary  | Entered an ossuary
  4882 | D:7      | Reached skill level 10 in Armour
  5012 | D:7      | Reached skill level 10 in Axes
  5193 | D:7      | Found a snail-covered altar of Cheibriados.
  5208 | D:7      | Found an iron altar of Okawaru.
  5358 | D:7      | Found a staircase to the Ecumenical Temple.
  5433 | Temple   | Entered the Ecumenical Temple
  5454 | Temple   | Became a worshipper of Gozag Ym Sagoz the Greedy
  5727 | D:8      | Reached XP level 10. HP: 88/88 MP: 9/9
  5746 | D:8      | Found a broken altar of Ashenzari.
  6770 | D:9      | Reached skill level 11 in Armour
  7122 | D:9      | Reached skill level 12 in Armour
  7184 | D:9      | Found Axur Nye's Armour Emporium.
  7193 | D:9      | Bought a +1 pair of gloves for 184 gold pieces
  7220 | D:9      | Found a staircase to the Lair.
  7324 | D:9      | Reached XP level 11. HP: 97/97 MP: 10/10
  7667 | D:10     | Entered Level 10 of the Dungeon
  7904 | D:10     | Found a sparkling altar of Nemelex Xobeh.
  8105 | D:10     | Found a blossoming altar of Fedhas.
  8105 | D:10     | Found a glowing golden altar of the Shining One.
  8184 | D:10     | Found a flagged portal.
  8231 | Bailey   | Entered a bailey
  8256 | Bailey   | Reached skill level 13 in Armour
  9190 | D:10     | Found a hazy altar of Hepliaklqana.
  9225 | D:10     | Found a hide-covered altar of Uskayaw.
  9446 | D:11     | Found a staircase to the Orcish Mines.
  9452 | D:11     | Noticed a skeletal warrior
  9453 | D:11     | Noticed a skeletal warrior
  9492 | D:11     | Killed a skeletal warrior
  9499 | D:11     | Killed a skeletal warrior
  9500 | D:11     | Reached skill level 10 in Fighting
  9500 | D:11     | Reached skill level 10 in Shields
  9640 | D:11     | Noticed a skeletal warrior
  9640 | D:11     | Noticed a skeletal warrior
  9642 | D:11     | Noticed a skeletal warrior
  9712 | D:11     | Killed a skeletal warrior
  9989 | D:11     | Killed a skeletal warrior
  9990 | D:11     | Reached skill level 14 in Armour
  9990 | D:11     | Reached XP level 12. HP: 80/108 MP: 11/11
 10193 | D:11     | Identified the +12 hand axe of Hell's Wrath {heavy, rC+ rN+
                  | MP+9}
 10552 | D:11     | Noticed a two-headed ogre
 10563 | D:11     | Killed a two-headed ogre
 11298 | D:12     | Found a portal to a secret trove of treasure.
 11440 | D:12     | Reached skill level 15 in Armour
 11449 | D:12     | Slain by a gargoyle

Illustrated notes

Levels and vault maps discovered:
D:1:      tarquinn_simple_flora_water_b, layout_loops_corners,
          ebering_ecumenical_altar_hall, nrook_loot_triangle
D:2:      layout_basic, basic_altar, uniq_crazy_yiuf_cottage
D:3:      layout_rooms, nicolae_dithmenos_through_a_glass_darkly,
          mainiacjoe_overflow_divided_tiny, grunt_ministairs_13,
          minmay_mini_jars
D:4:      layout_basic, minmay_pentomino_pile, uniq_grinder, uniq_duvessa
D:5:      layout_loops_corners, lemuel_round_altar
D:6:      layout_basic, sigmund_edmund_badplayer, uniq_blork_the_orc,
          uniq_sigmund
D:7:      layout_cave_pools, nicolae_wu_jian_immortal_techniques, slow_altar_2,
          hellmonk_okawaru_the_only_friend_you_need,
          minmay_temple_entry_statues, enter_ossuary_4
D:8:      layout_basic, evilmike_ruin_ashenzari
D:9:      layout_rooms, erik_lair_orcish_takeover, serial_shops,
          nicolae_shop_temple_entry_statues_fountains, minivault_25,
          grunt_ministairs_6, kennysheep_small_circle
D:10:     layout_cave_pools, nicolae_uskayaw_dance_hall, jmf_multi_god_temple,
          amcnicky_altar_gilded, nicolae_overflow_hidden_temple, enter_bailey_6,
          minmay_misc_feat_alley
D:11:     minmay_razor_zed, layout_loops_corners, david_orc_1_choice,
          special_room [special_room_orc]
D:12:     layout_basic, enter_trove_2, nicolae_ru_great_annihilating_truth
Temple:   nicolae_temple_ecumenical_triangle

Skill      XL: |  1  2  3  4  5  6  7  8  9 10 11 12 |
---------------+-------------------------------------+-----
Armour         | 4 5 6 7 9 10 12 14 15 | 15.0
Axes           | 3 4 5 6 8 10 12 13 14 | 14.8
Fighting       | 4 5 6 7 9 10 12 | 12.0
Shields        | 4 5 6 7 9 10 11 | 11.0

Action                   |  1- 3 |  4- 6 |  7- 9 | 10-12 || total
-------------------------+-------+-------+-------+-------++-------
Melee: War axe           |    83 |    95 |   194 |       ||   372
       Headbutt          |    10 |    16 |    70 |   167 ||   263
       Hand axe          |       |       |   154 |   789 ||   943
Throw: Javelin           |       |       |       |     2 ||     2
  Use: Potion            |       |     1 |    10 |    14 ||    25
       Scroll            |       |       |    14 |    10 ||    24
 Stab: Distracted        |       |       |       |     3 ||     3
Armor: Scale mail        |    23 |       |       |       ||    23
       Plate armour      |    24 |    65 |   243 |   527 ||   859
Dodge: Dodged            |    34 |    23 |   109 |   196 ||   362
Block: Buckler           |    17 |    15 |    96 |     9 ||   137
       Kite shield       |       |       |       |   420 ||   420

Table legend: (Time is in decaauts)
 A = Elapsed time spent in this place.
 B = Non-inter-level travel time spent in this place.
 C = Inter-level travel time spent in this place.
 D = Time resting spent in this place.
 E = Time spent auto-exploring this place.
 F = Levels seen in this place.
 G = Mean time per level.
                   A        B        C        D        E       F      G
               +--------+--------+--------+--------+--------+-----+--------+
         Total |  11424 |  11113 |    311 |    277 |   7728 |  15 |  761.6 |
       Dungeon |  10286 |   9975 |    311 |    141 |   7408 |  12 |  857.2 |
        Temple |     45 |     45 |      0 |      0 |     18 |   1 |   45.0 |
       Ossuary |    204 |    204 |      0 |      0 |    111 |   1 |  204.0 |
        Bailey |    887 |    887 |      0 |    136 |    190 |   1 |  887.0 |
               +--------+--------+--------+--------+--------+-----+--------+

Top non-repeatable levels by time:
    D:11: 1874 daAuts
     D:5: 1061 daAuts
     D:1: 1060 daAuts
     D:8: 1054 daAuts
     D:7: 1053 daAuts
     D:9: 924 daAuts
  Bailey: 887 daAuts
     D:4: 754 daAuts
    D:10: 699 daAuts
     D:6: 545 daAuts
     D:3: 522 daAuts
     D:2: 516 daAuts
    D:12: 220 daAuts
 Ossuary: 204 daAuts
  Temple: 45 daAuts
